 Dungeon Crawl Stone Soup version 0.32-a0-599-gba8f9cf90e (webtiles) character file.

Game seed: 11240663163524155092

5746 Sobieck the Geomancer (level 10, -6/69 HPs)
             Began as a Mountain Dwarf Earth Elementalist on Mar 2, 2024.
             Was a Believer of Vehumet.
             Mangled by a white ugly thing (22 damage)
             ... on level 8 of the Dungeon.
             The game lasted 00:19:54 (9898 turns).

Sobieck the Geomancer (MDEE)                        Turns: 9898, Time: 00:19:55

Health: -6/69      AC:  7    Str: 11    XL:     10   Next: 49%
Magic:  20/20      EV: 11    Int: 20    God:    Vehumet [**....]
Gold:   153        SH:  0    Dex: 10    Spells: 18/22 levels left

rFire   + . .        h - +0 sling
rCold   . . .        (no shield)
rNeg    . . .        q - +0 steam dragon scales
rPois   .            (no helmet)
rElec   .            j - +0 cloak
rCorr   +            C - +0 pair of gloves
SInv    .            (no boots)
Will    +....        (no amulet)
Stlth   ++           f - ring of protection from fire
HPRegen 0.31/turn    g - ring of resist corrosion
MPRegen 0.17/turn

%: no passive effects
@: corroded
A: runic magic, artefact enchanting
a: Renounce Religion


You were on level 8 of the Dungeon.
You worshipped Vehumet.
Vehumet was pleased with you.
You visited 2 branches of the dungeon, and saw 10 of its levels.
You also visited: Ossuary.

You collected 753 gold pieces.
You spent 600 gold pieces at shops.

Inventory:

Hand Weapons
 d - a +0 flail
 h - a +0 sling (weapon)
Missiles
 k - 18 poisoned darts
 t - 8 boomerangs
 F - a curare-tipped dart
 Z - 2 throwing nets
Armour
 a - a +0 robe
 c - a +0 plate armour
 e - a +0 ring mail
 j - a +0 cloak (worn)
 q - +0 steam dragon scales (worn)
 A - the +0 chain mail of the Fifty Olives {rF++ rCorr Int-4}
   (You found it on level 6 of the Dungeon)

   Int-4:     It affects your intelligence (-4).
   rF++:      It greatly protects you from fire.
   rCorr:     It protects you from acid and corrosion.
 C - a +0 pair of gloves (worn)
 E - the +3 pair of seven-league boots {Rampage+∞}
   (You found it on level 7 of the Dungeon)

   Rampage+∞: When moving toward enemies, its wearer moves as far as possible,
   alerting their target en route.
Magical Staves
 n - a staff of alchemy
 x - a staff of fire
Jewellery
 f - a ring of protection from fire (left hand)
 g - a ring of resist corrosion (right hand)
Wands
 p - a wand of warping (3)
 V - a wand of flame (34)
Scrolls
 B - a scroll of amnesia
 D - a scroll of vulnerability
 T - 6 scrolls of teleportation
Potions
 b - 2 potions of magic
 m - 5 potions of curing {unknown}
 o - 4 potions of attraction
 r - a potion of resistance {unknown}
 u - a potion of enlightenment {unknown}
 v - 2 potions of mutation {unknown}
 w - 2 potions of cancellation
 z - 2 potions of might {unknown}


   Skills:
 + Level 8.6 Armour
 - Level 1.3 Dodging
 - Level 1.4 Stealth
 + Level 6.8 Spellcasting
 - Level 0.8 Conjurations
 * Level 12.6 Earth Magic


You had 18 spell levels left.
You knew the following spells:

 Your Spells              Type           Power      Damage    Failure   Level
a - Sandblast             Erth           100%       2d20      1%          1
b - Stone Arrow           Conj/Erth      66%        3d11      1%          3

Your spell library contained the following spells:

 Spells                   Type           Power      Damage    Failure   Level
 Freeze                   Ice            24%        1d4       10%         1
 Passwall                 Erth           55%        N/A       1%          3
 Brom's Barrelling Bould  Conj/Erth      33%        2d5       6%          4
 Petrify                  Alch/Erth      32%        N/A       7%          4
 Volatile Blastmotes      Fire/Tloc      12%        2d11      28%         3
 Fulminant Prism          Conj/Alch      4%         3d5       63%         4
 Iskenderun's Mystic Bla  Conj/Tloc      8%         2d4       63%         4
 Chain Lightning          Conj/Air       4%         3d5       100%        9
 Fire Storm               Conj/Fire      4%         8d1       100%        9
 Shatter                  Erth           27%        3d23*     100%        9


Dungeon Overview and Level Annotations

Branches:
Dungeon (9/15)             Temple (1/1) D:5         Ossuary (visited)
   Lair: D:8-11         Orc: D:9-12

Altars:
Ashenzari
Cheibriados
Dithmenos
Elyvilon
Fedhas
Gozag
Hepliaklqana
Kikubaaqudgha
Makhleb
Nemelex Xobeh
Okawaru
Qazlal
Ru
Sif Muna
Trog
Uskayaw
Vehumet
Wu Jian
Xom
Yredelemnul
Zin
The Shining One

Shops:
D:3 :

Annotations:
D:5 2 transporters, BeKind's ghost, novice MiFi


Innate Abilities, Weirdness & Mutations

Your spellcasting is much less encumbered by armour.
You can use scrolls of enchantment on lesser artefacts.


Message History

Unknown command.
Unknown command.
The blast of sand hits the yak!
The yak is almost dead.
The yak gores you. x2
The blast of sand hits the yak!!
You kill the yak!
Vehumet accepts your kill.
Unknown command.
You can't see any susceptible monsters within range! (Use Z to cast anyway.) Unknown command.
You start resting.
Magic restored.
Unknown command.
You start resting.
HP restored.
Things that are here:
a +0 club; a +0 whip; an orc skeleton
There is a stone staircase leading down here.
Items here: )))) [ ÷÷÷.
You climb downwards.
The white ugly thing gurgles horribly!
You hear a shout!
The white ugly thing closely misses you.
The white ugly thing tail-slaps you but does no damage.
A cyclops comes into view.
You hear a shout!
There is a stone staircase leading up, spattered with blood here.
Danger!
Unknown command.
Unknown command.
The brown ugly thing tentacle-slaps you.
You are splashed with acid.
You resist. The white ugly thing tail-slaps you!
The white ugly thing freezes you!
* * * LOW HITPOINT WARNING * * *
You climb upwards.
There is a stone staircase leading down here.
Items here: )))) [ ÷÷÷.
Unknown command.
Unknown command.
Unknown command.
As you read the scroll of summoning, it crumbles to dust.
Wisps of shadow whirl around you...
The brown ugly thing tentacle-slaps you!
* * * LOW HITPOINT WARNING * * *
The acid corrodes you!
You are splashed with acid.
You resist.
* * * LOW HITPOINT WARNING * * *
The white ugly thing tail-slaps you!
* * * LOW HITPOINT WARNING * * *
The white ugly thing freezes you!!
You die...

###...............#######
# ##....................#
#####.........#.........#
..##..........#.........#
..........)...).........#
..............#.....÷...#
...........))...<.......#
..#.####...#)#..u########
..#.# ###.#.#.(@########
....######...#...u..†...#
...........o..o5F...>...#
...........###..........#
##.#######...o..........#
#.# ###......<.....# #.#
#..###........# #.##
#.####.<......# #..##
#.###.........#


You could see 2 ugly things, a friendly bullfrog (summoned), a friendly white
imp (summoned) and 3 friendly orcs.

Vanquished Creatures
  Pikel (D:7)
  An ugly thing (D:9)
  A cyclops (D:8)
  Maggie (D:6)
  A hornet (D:7)
  A yak (D:8)
  A steam dragon (D:7)
  Edmund (D:4)
  An acid dragon (D:8)
  2 black bears
  An elephant zombie (D:7)
  2 centaurs
  3 ice beasts
  3 ogres
  A lemure (D:7)
  A phantom (D:7)
  2 kobold brigands (D:8)
  A weeping skull (Ossuary)
  Blork the orc (D:4)
  4 elf zombies
  3 scorpions
  A gnoll sergeant (D:8)
  A burial acolyte (Ossuary)
  12 killer bees
  A howler monkey (D:9)
  A centaur zombie (D:7)
  4 jellies
  A human zombie (Ossuary)
  A bombardier beetle (D:3)
  A gnoll bouda (D:7)
  2 hounds
  An orc priest (D:6)
  3 scorpion zombies (D:7)
  2 sleepcaps (D:6)
  3 iguanas (D:6)
  4 orc wizards
  2 ogre zombies (D:7)
  4 hound zombies (D:7)
  2 mummies (Ossuary)
  A howler monkey zombie (D:7)
  8 gnolls
  7 adders
  2 shadow imps
  2 white imps
  4 ufetubi
  An adder zombie (D:7)
  A dart slug (D:1)
  3 ribbon worms
  30 orcs
  6 ball pythons
  9 bats
  10 endoplasms
  2 giant cockroaches
  8 goblins
  8 hobgoblins
  9 jackals
  19 kobolds
  3 quokkas
  2 frilled lizards
  A kobold zombie (Ossuary)
  An orc zombie (Ossuary)
  7 rats
223 creatures vanquished.

Notes
Turn   | Place    | Note
-------+----------+-------------------------------------------
     0 | D:1      | Sobieck the Mountain Dwarf Earth Elementalist began the
                  | quest for the Orb.
     0 | D:1      | Reached XP level 1. HP: 14/14 MP: 3/3
   133 | D:1      | You fall into a shaft and drop 1 floor!
   233 | D:2      | Reached XP level 2. HP: 18/20 MP: 2/4
   274 | D:2      | Reached skill level 1 in Armour
   377 | D:2      | Reached skill level 4 in Earth Magic
   378 | D:2      | Reached XP level 3. HP: 26/26 MP: 0/6
   382 | D:2      | Learned a level 3 spell: Stone Arrow
  1041 | D:2      | Reached XP level 4. HP: 27/33 MP: 3/7
  1668 | D:3      | Found Xutuz's Book Emporium.
  1867 | D:3      | Reached skill level 5 in Earth Magic
  1888 | D:3      | Reached XP level 5. HP: 35/38 MP: 6/8
  1991 | D:3      | Found a faded altar of an unknown god.
  2399 | D:4      | Noticed Blork the orc
  2776 | D:4      | Noticed an ogre
  2779 | D:4      | Killed an ogre
  2780 | D:4      | Reached skill level 3 in Armour
  2780 | D:4      | Reached skill level 3 in Spellcasting
  2780 | D:4      | Reached XP level 6. HP: 8/45 MP: 6/10
  2785 | D:3      | HP: 2/45 [poisoned by an adder]
  3262 | D:4      | Killed Blork the orc
  3263 | D:4      | Reached skill level 6 in Earth Magic
  3397 | D:4      | Noticed Edmund
  3562 | D:4      | Found a shimmering blue altar of Sif Muna.
  3563 | D:4      | Found a snail-covered altar of Cheibriados.
  3795 | D:5      | Entered Level 5 of the Dungeon
  3802 | D:5      | Reached XP level 7. HP: 44/50 MP: 6/12
  3978 | D:5      | Reached skill level 7 in Earth Magic
  4029 | D:5      | Found a transporter.
  4105 | D:5      | Found a transporter.
  4112 | D:5      | Noticed BeKind's ghost (novice MiFi)
  4671 | D:5      | Found a staircase to the Ecumenical Temple.
  4682 | Temple   | Entered the Ecumenical Temple
  4800 | D:5      | Found a sparkling altar of Nemelex Xobeh.
  5196 | D:6      | Found a blossoming altar of Fedhas.
  5227 | D:6      | Found a radiant altar of Vehumet.
  5232 | D:6      | Became a worshipper of Vehumet
  5277 | D:6      | Reached skill level 8 in Earth Magic
  5277 | D:6      | Reached XP level 8. HP: 57/57 MP: 11/14
  5308 | D:6      | Found a sand-covered staircase.
  5317 | Ossuary  | Entered an ossuary
  5317 | Ossuary  | Found a huge runed translucent gate.
  5317 | Ossuary  | Found a huge runed translucent gate.
  5317 | Ossuary  | Found a huge runed translucent gate.
  5317 | Ossuary  | Found a huge runed translucent gate.
  5317 | Ossuary  | Found a huge runed translucent gate.
  5317 | Ossuary  | Found a huge runed translucent gate.
  5317 | Ossuary  | Found a huge runed translucent gate.
  5317 | Ossuary  | Found a huge runed translucent gate.
  5317 | Ossuary  | Found a huge runed translucent gate.
  5318 | Ossuary  | Found a huge runed translucent gate.
  5318 | Ossuary  | Found a huge runed translucent gate.
  5319 | Ossuary  | Found a huge runed translucent gate.
  5319 | Ossuary  | Found a huge runed translucent gate.
  5321 | Ossuary  | Found a huge runed translucent gate.
  5321 | Ossuary  | Found a huge runed translucent gate.
  5363 | Ossuary  | Found a huge runed translucent gate.
  5363 | Ossuary  | Found a huge runed translucent gate.
  5363 | Ossuary  | Found a huge runed translucent gate.
  5363 | Ossuary  | Found a huge runed translucent gate.
  5363 | Ossuary  | Found a huge runed translucent gate.
  5364 | Ossuary  | Found a huge runed translucent gate.
  5364 | Ossuary  | Found a huge runed translucent gate.
  5366 | Ossuary  | Found a huge runed translucent gate.
  5366 | Ossuary  | Found a huge runed translucent gate.
  5367 | Ossuary  | Found a huge runed translucent gate.
  5367 | Ossuary  | Found a huge runed translucent gate.
  5368 | Ossuary  | Found a huge runed translucent gate.
  5368 | Ossuary  | Found a huge runed translucent gate.
  5403 | Ossuary  | Found a huge runed translucent gate.
  5403 | Ossuary  | Found a huge runed translucent gate.
  5404 | Ossuary  | Found a huge runed translucent gate.
  5404 | Ossuary  | Found a huge runed translucent gate.
  5404 | Ossuary  | Found a huge runed translucent gate.
  5404 | Ossuary  | Found a huge runed translucent gate.
  5406 | Ossuary  | Found a huge runed translucent gate.
  5725 | D:6      | Noticed Maggie
  5823 | D:3      | Bought a book of Annihilations for 600 gold pieces
  5898 | D:4      | Killed Edmund
  5899 | D:4      | Reached skill level 9 in Earth Magic
  6157 | D:6      | Killed Maggie
  6158 | D:6      | Reached skill level 6 in Armour
  6328 | D:6      | Reached XP level 9. HP: 62/62 MP: 13/16
  6380 | D:6      | Identified the +0 chain mail of the Fifty Olives {rF++
                  | rCorr Int-4}
  6636 | D:7      | Reached skill level 10 in Earth Magic
  7573 | D:7      | Reached * piety under Vehumet
  7573 | D:7      | Offered knowledge of Kiss of Death by Vehumet.
  7966 | D:7      | Found an ancient bone altar of Kikubaaqudgha.
  7971 | D:7      | Found the +3 pair of seven-league boots {Rampage+∞}
  8001 | D:7      | Reached skill level 11 in Earth Magic
  8275 | D:7      | Reached skill level 6 in Spellcasting
  8779 | D:8      | Noticed Pikel
  8834 | D:7      | Killed Pikel
  8835 | D:7      | Reached XP level 10. HP: 55/69 MP: 9/19
  8835 | D:7      | Reached ** piety under Vehumet
  8907 | D:8      | Offered knowledge of Freeze by Vehumet.
  9134 | D:8      | Reached skill level 12 in Earth Magic
  9809 | D:9      | Noticed a brown ugly thing
  9814 | D:9      | Killed a brown ugly thing
  9817 | D:9      | Noticed a white ugly thing
  9818 | D:9      | Noticed a cyclops
  9819 | D:9      | Identified the +10 dagger "Xylaemez" {heavy, rF++ Dex+3}
  9823 | D:8      | Killed a cyclops
  9895 | D:9      | Noticed a brown ugly thing
  9895 | D:9      | Noticed a cyclops
  9898 | D:8      | Mangled by a white ugly thing

Illustrated notes

Levels and vault maps discovered:
D:1:      minmay_arrival_hallway, layout_rooms
D:2:      layout_rooms
D:3:      layout_basic, hellmonk_ecumenical_altar_zigzags, serial_shops, shop,
          grunt_decor_fettered
D:4:      layout_cave_pools, mainiacjoe_overflow_divided_tiny,
          uniq_blork_the_orc, uniq_edmund
D:5:      layout_loops_corners, kennysheep_mini,
          minmay_temple_entry_purple_smoke, gammafunk_ghost_stat_death
D:6:      layout_rooms, kennysheep_little_box, fedhas_altar_decomposition,
          enter_ossuary_1, kennysheep_crisscross, uniq_maggie
D:7:      layout_cave_pools, roadster_capsule_ark_zombie
D:8:      layout_rooms, uniq_pikel
D:9:      minmay_the_grid_octo_2x2 [minmay_the_grid_octo_fat_diamond,
          minmay_the_grid_octo_clover, minmay_the_grid_octo_vomiting_pacman,
          minmay_the_grid_octo_prize_ultimate_mussel_roller], layout_basic,
          david_lair_shrubbed, uniq_maurice, uniq_joseph
Temple:   minmay_temple_bridge_d

Skill      XL: |  1  2  3  4  5  6  7  8  9 10 |
---------------+-------------------------------+-----
Spellcasting   | 2 3 4 5 6 |  6.8
Armour         | 1 2 3 4 6 8 |  8.6
Earth Magic    | 4 5 6 8 9 11 12 | 12.6
Dodging        | |  1.3
Stealth        | |  1.4
Conjurations   | |  0.8

Action                     |  1- 3 |  4- 6 |  7- 9 | 10-12 || total
---------------------------+-------+-------+-------+-------++-------
  Melee: Flail             |    22 |       |       |       ||    22
   Fire: Sling             |    57 |    55 |    55 |     3 ||   170
  Throw: Dart              |       |       |     2 |       ||     2
   Cast: Sandblast         |    53 |    94 |   193 |    47 ||   387
         Stone Arrow       |       |       |    14 |       ||    14
    Use: Scroll            |       |    10 |     4 |     4 ||    18
         Potion            |       |       |     4 |     2 ||     6
 Armour: Robe              |     8 |       |       |       ||     8
         Ring mail         |    63 |    67 |    58 |       ||   188
         Steam dragon scal |       |       |   120 |    41 ||   161
  Dodge: Dodged            |    58 |    51 |   118 |    23 ||   250

Table legend: (Time is in decaauts)
 A = Elapsed time spent in this place.
 B = Non-inter-level travel time spent in this place.
 C = Inter-level travel time spent in this place.
 D = Time resting spent in this place.
 E = Time spent auto-exploring this place.
 F = Levels seen in this place.
 G = Mean time per level.
                   A        B        C        D        E       F      G
               +--------+--------+--------+--------+--------+-----+--------+
         Total |  10181 |   9627 |    554 |   2919 |   4539 |  11 |  925.5 |
       Dungeon |   9771 |   9218 |    553 |   2708 |   4520 |   9 | 1085.7 |
        Temple |      1 |      0 |      1 |      0 |      0 |   1 |    1.0 |
       Ossuary |    408 |    408 |      0 |    211 |     19 |   1 |  408.0 |
               +--------+--------+--------+--------+--------+-----+--------+

Top non-repeatable levels by time:
     D:7: 1858 daAuts
     D:3: 1841 daAuts
     D:6: 1398 daAuts
     D:5: 1213 daAuts
     D:8: 1019 daAuts
     D:4: 909 daAuts
     D:2: 758 daAuts
     D:1: 739 daAuts
 Ossuary: 408 daAuts
     D:9: 34 daAuts
  Temple: 1 daAuts
